 Dungeon Crawl Stone Soup version 0.31.0-11-ge490571c62 (webtiles) character file.

Game seed: 7680504729795372609

132 Ruich the Firebug (level 4, -1/33 HPs)
             Began as a Demigod Fire Elementalist on Feb 1, 2024.
             Incinerated by a bombardier beetle (5 damage)
             ... with a burning spray
             ... on level 3 of the Dungeon.
             The game lasted 00:15:02 (3061 turns).

Ruich the Firebug (Demigod Fire Elementalist)       Turns: 3061, Time: 00:15:03

Health: -1/33      AC:  4    Str: 13    XL:     4   Next: 62%
Magic:  0/11       EV: 12    Int: 17    God:
Gold:   115        SH:  0    Dex: 14    Spells: 2/8 levels left

rFire   . . .        d - staff of alchemy {!a}
rCold   + . .        (no shield)
rNeg    . . .        a - +0 robe
rPois   +            l - +2 hat
rElec   .            (no cloak)
rCorr   .            (no gloves)
SInv    .            (no boots)
Will    .....        (no amulet)
Stlth   +            C - ring of protection from cold
HPRegen 0.25/turn    (no ring)
MPRegen 0.12/turn

%: no passive effects
@: on fire, glowing
A: high MP 1, forlorn, divine attributes
a: no special abilities


You were on level 3 of the Dungeon.
You visited 1 branch of the dungeon, and saw 3 of its levels.

You collected 115 gold pieces.


Innate Abilities, Weirdness & Mutations

You have an increased reservoir of magic. (+10% MP)
You shall have no god before yourself.
Your divine heritage dramatically boosts your attributes as you level up.


   Skills:
 - Level 1.7 Dodging
 - Level 2.0 Stealth
 + Level 2.8 Spellcasting
 + Level 2.4 Conjurations
 + Level 3.6 Fire Magic


You had 2 spell levels left.
You knew the following spells:

 Your Spells              Type           Power      Damage    Failure   Level
f - Foxfire               Conj/Fire      48%        2x1d6     4%          1
X - Scorch                Fire           28%        2d6       6%          2
Y - Volatile Blastmotes   Fire/Tloc      16%        2d11      26%         3

Your spell library contained the following spells:

 Spells                   Type           Power      Damage    Failure   Level
 Sting                    Conj/Alch      36%        1d5       11%         1
 Mercury Vapours          Alch/Air       6%         N/A       26%         2
 Inner Flame              Hex/Fire       8%         N/A       26%         3
 Flame Wave               Conj/Fire      12%        2d6       45%         4
 Olgreb's Toxic Radiance  Alch           3%         N/A       87%         4

Inventory:

Hand Weapons
 g - a +0 dagger
Missiles
 c - 9 poisoned darts (quivered)
Armour
 a - a +0 robe (worn)
 l - a +2 hat (worn)
Magical Staves
 d - a staff of alchemy (weapon) {!a}
Jewellery
 C - a ring of protection from cold (left hand)
Scrolls
 e - 2 scrolls of identify {unknown}
 j - a scroll of poison {unknown}
 m - 2 scrolls of teleportation {unknown}
 o - a scroll of butterflies {unknown}
 p - a scroll of revelation {unknown}
Potions
 b - a potion of magic
 f - 3 potions of mutation {unknown}
 h - 3 potions of haste {unknown}
 i - a potion of heal wounds {unknown}
 k - a potion of cancellation {unknown}
 n - a potion of curing {unknown}

Dungeon Overview and Level Annotations

Branches:
Dungeon (3/15)

Shops:
D:1 ?:

Annotations:
D:2 Natasha

..................#.###
........░░░░░░░...#.#
########.........###.#
...# ##.░.░░░.░.....# ...#
#).░.....░.######### ...#
##..░..⚑..░.........# ...#
#...░.....░.#######.#
.#####.#.░.░░░.░..##.....#
......>.........@..#.#####
########.░░░░░░░†..#.#
#........†..#.#
##..........#.#
.......[..#.#
..........#.#
..........#.#
..$.......#.#
..........#.#


There were no monsters in sight!


Message History

Flames lash the bombardier beetle but do no damage.
The liquid fire burns you!
* * * LOW HITPOINT WARNING * * *
The bombardier beetle is no longer more vulnerable to fire.
The foxfire hits the bombardier beetle.
You kill the bombardier beetle!
The foxfire hits the adder.
The adder is lightly wounded.
Casting: Scorch (safe; 6% risk of failure)
Confirm with . or Enter, or press ? or * to list all spells.
Okay, then.
Unknown command.
Casting: Scorch (safe; 6% risk of failure)
Confirm with . or Enter, or press ? or * to list all spells.
Okay, then.
Unknown command.
Casting: Scorch (safe; 6% risk of failure)
Confirm with . or Enter, or press ? or * to list all spells.
Flames lash the adder.
The adder is almost dead.
The adder's fire resistance burns away.
The liquid fire burns you!
* * * LOW HITPOINT WARNING * * *
The adder bites you but does no damage.
Casting: Scorch (safe; 6% risk of failure)
Confirm with . or Enter, or press ? or * to list all spells.
Flames lash the adder.
The adder is burned terribly!
You kill the adder!
The liquid fire burns you!
You die...

Skill      XL: |  1  2  3 |
---------------+----------+-----
Conjurations   | 1 2 |  2.4
Stealth        | 2 |  2.0
Spellcasting   | 2 |  2.8
Fire Magic     | 3 |  3.6
Dodging        | |  1.7

Action                     |  1- 3 |  4- 6 || total
---------------------------+-------+-------++-------
  Melee: Staff             |     1 |     1 ||     2
  Throw: Dart              |    12 |     3 ||    15
   Cast: Foxfire           |    43 |    14 ||    57
         Scorch            |    18 |    10 ||    28
 Armour: Robe              |    18 |     2 ||    20
  Dodge: Dodged            |    21 |     2 ||    23

Levels and vault maps discovered:
D:1:      ncdulo_halloftheorcs, layout_basic,
          hellmonk_ecumenical_altar_crossroads, serial_shops, shop, shop
D:2:      layout_basic, minmay_lizard_pond, uniq_natasha
D:3:      layout_basic, mainiacjoe_overflow_cross_hatched

Notes
Turn   | Place    | Note
-------+----------+-------------------------------------------
     0 | D:1      | Ruich the Demigod Fire Elementalist began the quest for the
                  | Orb.
     0 | D:1      | Reached XP level 1. HP: 14/14 MP: 5/5
   110 | D:1      | Reached skill level 1 in Conjurations
   326 | D:1      | Reached skill level 2 in Stealth
   386 | D:1      | Reached skill level 2 in Spellcasting
   452 | D:1      | Found Vigi's Book Boutique.
   512 | D:1      | Reached XP level 2. HP: 20/20 MP: 5/7
   515 | D:1      | Learned a level 2 spell: Scorch
   605 | D:1      | Found Omas's Magic Scroll Shoppe.
  1185 | D:2      | Reached skill level 3 in Fire Magic
  1412 | D:2      | Noticed Natasha
  1665 | D:2      | Reached XP level 3. HP: 14/26 MP: 1/9
  1891 | D:2      | Reached skill level 2 in Conjurations
  1919 | D:2      | Learned a level 3 spell: Volatile Blastmotes
  2543 | D:3      | Reached XP level 4. HP: 33/33 MP: 5/10
  3061 | D:3      | Incinerated by a bombardier beetle

Vanquished Creatures
  A bombardier beetle (D:3)
  6 adders
  A ribbon worm (D:2)
  2 dart slugs
  A ball python (D:2)
  3 bats (D:2)
  4 endoplasms
  5 giant cockroaches
  8 goblins
  3 hobgoblins
  A quokka (D:2)
  11 frilled lizards
  4 kobolds
  4 rats
54 creatures vanquished.

Vanquished Creatures (others)
  101 foxfires
101 creatures vanquished.

Grand Total: 155 creatures vanquished

Table legend: (Time is in decaauts)
 A = Elapsed time spent in this place.
 B = Non-inter-level travel time spent in this place.
 C = Inter-level travel time spent in this place.
 D = Time resting spent in this place.
 E = Time spent auto-exploring this place.
 F = Levels seen in this place.
 G = Mean time per level.
                   A        B        C        D        E       F      G
               +--------+--------+--------+--------+--------+-----+--------+
         Total |   3059 |   3036 |     23 |    974 |   1389 |   3 | 1019.7 |
       Dungeon |   3059 |   3036 |     23 |    974 |   1389 |   3 | 1019.7 |
               +--------+--------+--------+--------+--------+-----+--------+

Top non-repeatable levels by time:
     D:2: 1292 daAuts
     D:1: 1069 daAuts
     D:3: 697 daAuts

Table legend:
 A = Non-vault XP
 B = Vault XP
 C = Vault XP percentage of total XP
 D = Non-vault monster count
 E = Vault monster count
 F = Vault count percentage of total count
                 A         B        C        D         E       F
            +---------+---------+-------+---------+---------+-------
      Total |     197 |       5 |   2.5 |      49 |       5 |   9.3
            +---------+---------+-------+---------+---------+-------
        D:1 |      22 |       0 |   0.0 |      12 |       0 |   0.0
        D:2 |      82 |       5 |   5.7 |      19 |       5 |  20.8
        D:3 |      93 |       0 |   0.0 |      18 |       0 |   0.0
            +---------+---------+-------+---------+---------+-------
